SA
HOGSMEADE CAULDRONS @ ATHLETIC CLUB KC U-21
08/30/2031
 
TOP OF THE 1ST
Hogsmeade Cauldrons batting - Pitching for Athletic Club KC U-21 : RHP Matt Walters
Pitching: RHP Matt Walters
Batting: RHB Nelson Rivera 0-0: Ball
1-0: Called Strike
1-1: Called Strike
1-2: Foul Ball, location: 2F
1-2: Strikes out swinging
Batting: RHB Charles Basle 0-0: DOUBLE (Line Drive, 3D)
Batting: RHB Mariano Saelices 0-0: Fly out, F9 (Flyball, 9S)
Batting: LHB Jin-yong Myung 0-0: Ball
1-0: SINGLE (Flyball, 89M)
Charles Basle to third
Runner from 3rd tries for Home, SAFE, no throw
Batting: LHB Ewan Manshert 0-0: Ball
1-0: Foul Ball, location: 2F
1-1: Foul Ball, location: 2F
1-2: Ball
2-2: Ball
3-2: Strikes out swinging
Top of the 1st over - 1 run, 2 hits, 0 errors, 1 left on base; Hogsmeade 1 - Athletic Club KC 0
BOTTOM OF THE 1ST
Athletic Club KC U-21 batting - Pitching for Hogsmeade Cauldrons : RHP Terence Roberts
Pitching: RHP Terence Roberts
Batting: LHB Loo Liu 0-0: Fly out, F8 (Line Drive, 8LM)
Batting: RHB Travis Murphy 0-0: Ball
1-0: Ball
2-0: SINGLE (Line Drive, 3L)
Batting: RHB Mario Truxillo 0-0: Ball
1-0: SINGLE (Groundball, 34D)
Travis Murphy to second
Runner from 2nd tries for 3rd, SAFE, no throw
Batting: RHB Jihan Tuah 0-0: Grounds into double play, 6-4-3 (Groundball, 56)
Bottom of the 1st over - 0 runs, 2 hits, 0 errors, 1 left on base; Hogsmeade 1 - Athletic Club KC 0
TOP OF THE 2ND
Hogsmeade Cauldrons batting - Pitching for Athletic Club KC U-21 : RHP Matt Walters
Batting: RHB Lu Tsai 0-0: Ball
1-0: Foul Ball, location: 2F
1-1: Swinging Strike
1-2: Ball
2-2: Strikes out looking
Batting: RHB Diederick Tuiters 0-0: Called Strike
0-1: Swinging Strike
0-2: Ball
1-2: Strikes out looking
Batting: RHB Manyara Akintola 0-0: Called Strike
0-1: Ball
1-1: SINGLE (Groundball, 4D)
Batting: RHB Jean Couturier 0-0: Called Strike
0-1: Called Strike
0-2: Foul Ball, location: 2F
0-2: Ball
1-2: Ball
2-2: Strikes out swinging
Top of the 2nd over - 0 runs, 1 hit, 0 errors, 1 left on base; Hogsmeade 1 - Athletic Club KC 0
BOTTOM OF THE 2ND
Athletic Club KC U-21 batting - Pitching for Hogsmeade Cauldrons : RHP Terence Roberts
Batting: RHB Andy Roarick 0-0: Called Strike
0-1: Swinging Strike
0-2: Ball
1-2: Foul Ball, location: 2F
1-2: Foul Ball, location: 2F
1-2: Strikes out swinging
Batting: RHB Bobby McFillin 0-0: Ball
1-0: Foul Ball, location: 2F
1-1: Ball
2-1: Swinging Strike
2-2: Foul Ball, location: 2F
2-2: SINGLE (Groundball, 56S) (infield hit)
Batting: RHB Jon Hall 0-0: Ball
1-0: Called Strike
1-1: Ball
2-1: Swinging Strike
2-2: Strikes out looking
Batting: RHB Gabriel Camparán 0-0: Called Strike
0-1: Called Strike
0-2: Ball
1-2: Strikes out looking
Bottom of the 2nd over - 0 runs, 1 hit, 0 errors, 1 left on base; Hogsmeade 1 - Athletic Club KC 0
TOP OF THE 3RD
Hogsmeade Cauldrons batting - Pitching for Athletic Club KC U-21 : RHP Matt Walters
Batting: RHB Nelson Rivera 0-0: Called Strike
0-1: Called Strike
0-2: Ball
1-2: Strikes out swinging
Batting: RHB Charles Basle 0-0: Ball
1-0: Ground out 5-3 (Groundball, 56)
Batting: RHB Mariano Saelices 0-0: Reached on error, E5 (Groundball, 56)
Batting: LHB Jin-yong Myung 0-0: Ball
1-0: Foul Ball, location: 2F
1-1: Ball
2-1: Fly out, F9 (Line Drive, 9LS)
Top of the 3rd over - 0 runs, 0 hits, 1 error, 1 left on base; Hogsmeade 1 - Athletic Club KC 0
BOTTOM OF THE 3RD
Athletic Club KC U-21 batting - Pitching for Hogsmeade Cauldrons : RHP Terence Roberts
Batting: RHB Juan Jose Rangel 0-0: Foul Ball, location: 2F
0-1: Called Strike
0-2: Strikes out swinging, 2-3 out at first.
Batting: LHB Loo Liu 0-0: Swinging Strike
0-1: Foul Ball, location: 2F
0-2: Ball
1-2: Foul Ball, location: 2F
1-2: Ball
2-2: Strikes out looking
Batting: RHB Travis Murphy 0-0: Ball
1-0: Ball
2-0: Called Strike
2-1: Fly out, F8 (Flyball, 8RM)
Bottom of the 3rd over - 0 runs, 0 hits, 0 errors, 0 left on base; Hogsmeade 1 - Athletic Club KC 0
TOP OF THE 4TH
Hogsmeade Cauldrons batting - Pitching for Athletic Club KC U-21 : RHP Matt Walters
Batting: LHB Ewan Manshert 0-0: Ball
1-0: Called Strike
1-1: Ball
2-1: Ball
3-1: DOUBLE (Line Drive, 9LD)
Batting: RHB Lu Tsai 0-0: Ground out 4-3 (Groundball, 4)
Ewan Manshert to third
Batting: RHB Diederick Tuiters 0-0: Ball
1-0: Ground out 5-3 (Groundball, 56)
Ewan Manshert scores
Batting: RHB Manyara Akintola 0-0: Called Strike
0-1: Foul Ball, location: 2F
0-2: Ball
1-2: Strikes out swinging
Top of the 4th over - 1 run, 1 hit, 0 errors, 0 left on base; Hogsmeade 2 - Athletic Club KC 0
BOTTOM OF THE 4TH
Athletic Club KC U-21 batting - Pitching for Hogsmeade Cauldrons : RHP Terence Roberts
Batting: RHB Mario Truxillo 0-0: Foul Ball, location: 2F
0-1: Ball
1-1: Ball
2-1: SINGLE (Groundball, 56D)
Batting: RHB Jihan Tuah 0-0: Called Strike
0-1: Ball
1-1: Ball
2-1: Fly out, F3 (Popup, 34S)
Batting: RHB Andy Roarick 0-0: Called Strike
Mario Truxillo steals 2nd base
0-1: Fly out, F8 (Flyball, 78D)
Batting: RHB Bobby McFillin 0-0: DOUBLE (Flyball, 8LXD)
Mario Truxillo scores
Batting: RHB Jon Hall 0-0: Ball
1-0: Ball
2-0: Swinging Strike
2-1: Called Strike
2-2: Fly out, F6 (Popup, 6MS)
Bottom of the 4th over - 1 run, 2 hits, 0 errors, 1 left on base; Hogsmeade 2 - Athletic Club KC 1
TOP OF THE 5TH
Hogsmeade Cauldrons batting - Pitching for Athletic Club KC U-21 : RHP Matt Walters
Batting: RHB Jean Couturier 0-0: Ball
1-0: Foul Ball, location: 2F
1-1: Swinging Strike
1-2: Strikes out swinging
Batting: RHB Nelson Rivera 0-0: Ball
1-0: Swinging Strike
1-1: Ball
2-1: Ground out 5-3 (Groundball, 56)
Batting: RHB Charles Basle 0-0: Ball
1-0: Called Strike
1-1: Ground out 6-3 (Groundball, 6)
Top of the 5th over - 0 runs, 0 hits, 0 errors, 0 left on base; Hogsmeade 2 - Athletic Club KC 1
BOTTOM OF THE 5TH
Athletic Club KC U-21 batting - Pitching for Hogsmeade Cauldrons : RHP Terence Roberts
Batting: RHB Gabriel Camparán 0-0: Swinging Strike
0-1: Ball
1-1: Called Strike
1-2: Strikes out looking
Batting: RHB Juan Jose Rangel 0-0: Ball
1-0: Ball
2-0: Called Strike
2-1: Foul Ball, location: 2F
2-2: Foul Ball, location: 2F
2-2: Strikes out swinging
Batting: LHB Loo Liu 0-0: Called Strike
0-1: Ball
1-1: Swinging Strike
1-2: Ball
2-2: Ball
3-2: Fly out, F4 (Flyball, 4D)
Bottom of the 5th over - 0 runs, 0 hits, 0 errors, 0 left on base; Hogsmeade 2 - Athletic Club KC 1
TOP OF THE 6TH
Hogsmeade Cauldrons batting - Pitching for Athletic Club KC U-21 : RHP Matt Walters
Batting: RHB Mariano Saelices 0-0: Called Strike
0-1: Called Strike
0-2: Foul Ball, location: 2F
0-2: Ball
1-2: Strikes out swinging
Batting: LHB Jin-yong Myung 0-0: Called Strike
0-1: Ball
1-1: Foul Ball, location: 2F
1-2: Foul Ball, location: 2F
1-2: Ball
2-2: Strikes out looking
Batting: LHB Ewan Manshert 0-0: Swinging Strike
0-1: Ball
1-1: SINGLE (Groundball, 4MS) (infield hit)
Batting: RHB Lu Tsai 0-0: Ball
1-0: SINGLE (Groundball, 6MD)
Ewan Manshert to second
Runner from 2nd tries for 3rd, SAFE, no throw
Batting: RHB Diederick Tuiters 0-0: Ball
1-0: Called Strike
1-1: Called Strike
1-2: Foul Ball, location: 2F
1-2: Fielders Choice at 2nd, 5-4 (Groundball, 56)
Top of the 6th over - 0 runs, 2 hits, 0 errors, 2 left on base; Hogsmeade 2 - Athletic Club KC 1
BOTTOM OF THE 6TH
Athletic Club KC U-21 batting - Pitching for Hogsmeade Cauldrons : RHP Terence Roberts
Batting: RHB Travis Murphy 0-0: Ball
1-0: Ball
2-0: Ball
3-0: Called Strike
3-1: Fly out, F9 (Flyball, 9)
Batting: RHB Mario Truxillo 0-0: Called Strike
0-1: Foul Ball, location: 2F
0-2: Ball
1-2: Foul Ball, location: 2F
1-2: Foul Ball, location: 2F
1-2: Ball
2-2: Strikes out swinging
Batting: RHB Jihan Tuah 0-0: Swinging Strike
0-1: Ball
1-1: Ball
2-1: Foul Ball, location: 2F
2-2: Foul Ball, location: 2F
2-2: Strikes out swinging
Bottom of the 6th over - 0 runs, 0 hits, 0 errors, 0 left on base; Hogsmeade 2 - Athletic Club KC 1
TOP OF THE 7TH
Hogsmeade Cauldrons batting - Pitching for Athletic Club KC U-21 : RHP Matt Walters
Batting: RHB Manyara Akintola 0-0: Called Strike
0-1: Foul Ball, location: 2F
0-2: Strikes out looking
Batting: RHB Jean Couturier 0-0: Called Strike
0-1: Ball
1-1: Swinging Strike
1-2: Ball
2-2: Strikes out looking
Batting: RHB Nelson Rivera 0-0: Ball
1-0: Ground out 5-3 (Groundball, 56)
Top of the 7th over - 0 runs, 0 hits, 0 errors, 0 left on base; Hogsmeade 2 - Athletic Club KC 1
BOTTOM OF THE 7TH
Athletic Club KC U-21 batting - Pitching for Hogsmeade Cauldrons : RHP Terence Roberts
Batting: RHB Andy Roarick 0-0: Ball
1-0: Foul Ball, location: 2F
1-1: Called Strike
1-2: Ball
2-2: Strikes out swinging
Batting: RHB Bobby McFillin 0-0: Ball
1-0: Ball
2-0: SINGLE (Line Drive, 9LM)
Pitching: RHP Carlos Villegas
Batting: RHB Jon Hall 0-0: Called Strike
0-1: Called Strike
0-2: Strikes out swinging
Pinch Hitting: LHB Miguel Vásquez 0-0: Ball
1-0: Ball
2-0: Foul Ball, location: 2F
2-1: Called Strike
2-2: Ground out 4-3 (Groundball, 4D)
Bottom of the 7th over - 0 runs, 1 hit, 0 errors, 1 left on base; Hogsmeade 2 - Athletic Club KC 1
TOP OF THE 8TH
Hogsmeade Cauldrons batting - Pitching for Athletic Club KC U-21 : RHP Matt Walters
Now at 2B: Miguel Vásquez
Batting: RHB Charles Basle 0-0: Ball
1-0: Ball
2-0: Called Strike
2-1: Swinging Strike
2-2: Fly out, F9 (Flyball, 9LMF)
Batting: RHB Mariano Saelices 0-0: Ball
1-0: Fly out, F9 (Flyball, 89S)
Batting: LHB Jin-yong Myung 0-0: Swinging Strike
0-1: Ball
1-1: Swinging Strike
1-2: Ground out 4-3 (Groundball, 4)
Top of the 8th over - 0 runs, 0 hits, 0 errors, 0 left on base; Hogsmeade 2 - Athletic Club KC 1
BOTTOM OF THE 8TH
Athletic Club KC U-21 batting - Pitching for Hogsmeade Cauldrons : RHP Carlos Villegas
Batting: RHB Juan Jose Rangel 0-0: Ground out 1-3 (Groundball, 15)
Batting: LHB Loo Liu 0-0: Called Strike
0-1: Foul Ball, location: 2F
0-2: Strikes out swinging
Pitching: LHP Maximiano Mealha
Batting: RHB Travis Murphy 0-0: Ball
1-0: Called Strike
1-1: Ball
2-1: Fly out, F8 (Line Drive, 8RD)
Bottom of the 8th over - 0 runs, 0 hits, 0 errors, 0 left on base; Hogsmeade 2 - Athletic Club KC 1
TOP OF THE 9TH
Hogsmeade Cauldrons batting - Pitching for Athletic Club KC U-21 : RHP Matt Walters
Batting: LHB Ewan Manshert 0-0: Swinging Strike
0-1: Ball
1-1: Ground out 4-3 (Groundball, 4)
Batting: RHB Lu Tsai 0-0: Called Strike
0-1: Called Strike
0-2: Foul Ball, location: 2F
0-2: Foul Ball, location: 2F
0-2: DOUBLE (Groundball, 5L)
Pitching: RHP Stan Burgemeester
Pinch Hitting: RHB Panas Pletnev 0-0: Intentional Walk
Batting: RHB Manyara Akintola 0-0: Grounds into double play, 1-6-3 (Groundball, 13S)
Top of the 9th over - 0 runs, 1 hit, 0 errors, 1 left on base; Hogsmeade 2 - Athletic Club KC 1
BOTTOM OF THE 9TH
Athletic Club KC U-21 batting - Pitching for Hogsmeade Cauldrons : LHP Maximiano Mealha
Pitching: RHP Jung-min Ch'oe
Now at 3B: Panas Pletnev
Batting: RHB Mario Truxillo 0-0: Ball
1-0: Swinging Strike
1-1: Ball
2-1: Swinging Strike
2-2: Strikes out swinging
Batting: RHB Jihan Tuah 0-0: Ball
1-0: Foul Ball, location: 2F
1-1: Fly out, F2 (Popup, 25F)
Batting: RHB Andy Roarick 0-0: Swinging Strike
0-1: Ball
1-1: SINGLE (Flyball, 9S)
Batting: RHB Bobby McFillin 0-0: Ball
1-0: Ball
2-0: Foul Ball, location: 2F
2-1: Called Strike
2-2: Strikes out swinging
Bottom of the 9th over - 0 runs, 1 hit, 0 errors, 1 left on base; Hogsmeade 2 - Athletic Club KC 1
Tuesday, June 12th, 2018 - OOTP Baseball 18.8 Build 76